 Dungeon Sprint DCSS version bcrawl-1.12-11-gb93c957c58 (webtiles) character file.

Game seed: 3311215620421076847

297 Freyura the Basher (level 6, -8/44 HPs)
             Began as a Gargoyle Fighter on June 21, 2019.
             Was a Believer of the Shining One.
             Mangled by a cyclops (23 damage)
             ... in the Dungeon (Sprint IX: "|||||||||||||||||||||||||||||").
             The game lasted 00:03:46 (156 turns).

Freyura the Basher (Gargoyle Fighter)                Turns: 156, Time: 00:03:46

Health: -8/44      AC: 13    Str: 22    XL:     6   Next: 35%
Magic:  1/6        EV: 10    Int:  9    God:    the Shining One [**....]
Gold:   0          SH: 17    Dex: 11    Spells: 5/5 levels left

rFire    . . .     SeeInvis .   a - +0 flail
rCold    . . .     Gourm    .   c - +0 shield
rNeg     + + .     Faith    .   b - +0 scale mail
rPois    ∞         Spirit   .   (no helmet)
rElec    +         Reflect  .   (no cloak)
rCorr    .         Harm     .   m - +0 pair of gloves
MR       .....     NoTele   +   (no boots)
Stlth    ..........             (no amulet)
HPRegen  0.14/turn              n - +3 ring of strength
MPRegen  0.10/turn              o - +2 ring of evasion

@: divine shield, glowing
A: negative energy resistance 1, electricity resistance, unbreathing,
petrification resistance, rot immunity, AC +4
a: Divine Shield, Renounce Religion


You were in the Dungeon.
You worshipped the Shining One.
The Shining One was pleased with you.
You were not hungry.

You visited 1 branch

Inventory:

Hand Weapons
 a - a +0 flail (weapon)
Armour
 b - a +0 scale mail (worn)
 c - a +0 shield (worn)
 m - a +0 pair of gloves (worn)
Jewellery
 n - a +3 ring of strength (left hand)
 o - a +2 ring of evasion (right hand)
Wands
 l - a wand of acid (10)
Scrolls
 g - 3 scrolls of remove curse
 j - 2 scrolls of amnesia
 k - 2 scrolls of blinking
Potions
 e - 5 potions of curing
 h - a potion of haste
 i - 4 potions of magic
Comestibles
 f - a ration {!d}


   Skills:
 + Level 7.1 Fighting
 * Level 8.4 Maces & Flails
 + Level 7.1 Armour
 + Level 7.1 Shields


You had 5 spell levels left.
You didn't know any spells.
Your spell library was empty.

Dungeon Overview and Level Annotations

Branches:
Dungeon (1/1)

Altars:
Cheibriados
Dithmenos
Elyvilon
Fedhas
Gozag
Hepliaklqana
Kikubaaqudgha
Lugonu
Makhleb
Nemelex Xobeh
Okawaru
Qazlal
Ru
Sif Muna
Trog
Uskayaw
Vehumet
Wu Jian
Xom
Yredelemnul
Zin
The Shining One
Beogh
Jiyva


Innate Abilities, Weirdness & Mutations

You are resistant to torment.
Your stone body is resilient. (AC +4)
You are immune to poison.
You resist negative energy. (rN+)
You are resistant to electric shocks. (rElec)
You can survive without breathing.
You are immune to petrification.
You are immune to rotting.


Message History

The troll is almost dead.
The troll closely misses you. You block the troll's attack.
The troll closely misses you.
You sock the troll!
You kill the troll!
Your Fighting skill gained 2 levels and is now at level 7!
Your Maces & Flails skill gained 3 levels and is now at level 8!
Your Armour skill gained 2 levels and is now at level 7!
Your Shields skill gained 2 levels and is now at level 7!
You have reached level 5!
You have reached level 6!
Your experience leads to an increase in your attributes!
Your base attributes are Str 19, Int 9, Dex 10.
Increase (S)trength, (I)ntelligence, or (D)exterity?
You feel agile.
The cyclops throws a large rock.
The large rock barely misses you.
You feel much better.
The cyclops throws a large rock.
The large rock hits you. The cyclops hits you!!
Ouch! That really hurt!
You die...

▓|▓
▓)▓
▓.▓
▓[▓
▓[▓
▓.▓
▓.▓
▓'▓
▓@▓
▓C▓
▓H▓
▓W▓
▓H▓
▓Z▓
▓+▓


You could see a cyclops, 2 hippogriffs, a hungry ghost and a leopard gecko
zombie.

Vanquished Creatures
  A troll (D)
  A scorpion (D)
  A worker ant (D)
  A shadow imp (D)
  An ooze (D)
  A leopard gecko (D)
  2 orcs (D)
  A jackal (D)
  A bat (D)
  A rat (D)
11 creatures vanquished.

Notes
Turn   | Place    | Note
-------+----------+-------------------------------------------
     0 | D        | Freyura the Gargoyle Fighter began the quest for the Orb.
     0 | D        | Reached XP level 1. HP: 14/14 MP: 1/1
    13 | D        | Reached skill level 3 in Maces & Flails
    13 | D        | Reached XP level 2. HP: 20/20 MP: 2/2
    22 | D        | Noticed a scorpion
    42 | D        | Killed a scorpion
    42 | D        | Reached skill level 5 in Maces & Flails
    42 | D        | Reached XP level 3. HP: 25/25 MP: 3/3
    42 | D        | Reached XP level 4. HP: 30/30 MP: 4/4
    47 | D        | Reached skill level 5 in Fighting
    47 | D        | Reached skill level 5 in Armour
    47 | D        | Reached skill level 5 in Shields
    59 | D        | Found a roughly hewn altar of Beogh.
    59 | D        | Found a snail-covered altar of Cheibriados.
    59 | D        | Found a shadowy altar of Dithmenos.
    59 | D        | Found a white marble altar of Elyvilon.
    59 | D        | Found a blossoming altar of Fedhas.
    59 | D        | Found an opulent altar of Gozag.
    60 | D        | Found a hazy altar of Hepliaklqana.
    61 | D        | Found a viscous altar of Jiyva.
    62 | D        | Found an ancient bone altar of Kikubaaqudgha.
    63 | D        | Found a corrupted altar of Lugonu.
    64 | D        | Found a burning altar of Makhleb.
    65 | D        | Found a sparkling altar of Nemelex Xobeh.
    66 | D        | Found an iron altar of Okawaru.
    67 | D        | Found a stormy altar of Qazlal.
    68 | D        | Found a sacrificial altar of Ru.
    69 | D        | Found a deep blue altar of Sif Muna.
    70 | D        | Found a bloodstained altar of Trog.
    71 | D        | Found a hide-covered altar of Uskayaw.
    72 | D        | Found a radiant altar of Vehumet.
    73 | D        | Found an ornate altar of the Wu Jian Council.
    74 | D        | Found a shimmering altar of Xom.
    75 | D        | Found a basalt altar of Yredelemnul.
    76 | D        | Found a glowing silver altar of Zin.
    77 | D        | Found a glowing golden altar of the Shining One.
    85 | D        | Became a worshipper of the Shining One
   139 | D        | Noticed a troll
   139 | D        | Noticed a cyclops
   139 | D        | Reached * piety under the Shining One
   139 | D        | Noticed a hippogriff
   139 | D        | Noticed a hungry ghost
   139 | D        | Noticed a hippogriff
   139 | D        | Reached ** piety under the Shining One
   154 | D        | Killed a troll
   154 | D        | Reached skill level 8 in Maces & Flails
   154 | D        | Reached XP level 5. HP: 3/38 MP: 1/5
   154 | D        | Reached XP level 6. HP: 3/44 MP: 1/6
   156 | D        | Mangled by a cyclops

Skill      XL: |  1  2  3  4 |
---------------+-------------+-----
Maces & Flails | 3 5 8 |  8.4
Fighting       | 4 7 |  7.1
Armour         | 4 7 |  7.1
Shields        | 4 7 |  7.1

Action                   |  1- 3 |  4- 6 || total
-------------------------+-------+-------++-------
Melee: Flail             |    29 |    20 ||    49
Invok: Divine Shield     |       |     1 ||     1
  Use: Potion            |     3 |     2 ||     5
Armor: Scale mail        |    18 |    11 ||    29
Dodge: Dodged            |     4 |    11 ||    15
Block: Shield            |     7 |    14 ||    21
